 Dungeon Crawl Stone Soup version 0.30.1-9-gdf580d7c3d (webtiles) character file.

Game seed: 16509247711266201848

84 pkoi the Ruffian (level 4, -3/38 HPs)
             Began as a Draconian Monk on Oct 25, 2023.
             Slain by an ogre
             ... wielding a +0 giant club
              (17 damage)
             ... on level 3 of the Dungeon.
             The game lasted 00:02:10 (1446 turns).

pkoi the Ruffian (Draconian Monk)                   Turns: 1446, Time: 00:02:10

Health: -3/38      AC:  6    Str: 14    XL:     4   Next: 23%
Magic:  4/4        EV: 12    Int: 12    God:
Gold:   60         SH:  0    Dex: 13    Spells: 3/3 levels left

rFire   . . .        a - +2 dagger (venom)
rCold   . . .        b - orb {light}
rNeg    . . .        (body armour unavailable)
rPois   .            (helmet restricted)
rElec   .            f - +0 cloak
rCorr   .            (no gloves)
SInv    .            (no boots)
Will    .....        (no amulet)
Stlth   +            (no ring)
HPRegen 0.26/turn    (no ring)
MPRegen 0.09/turn

%: no passive effects
@: glowing
A: AC +5, unfitting armour, cold-blooded
a: no special abilities


You were on level 3 of the Dungeon.
You visited 1 branch of the dungeon, and saw 3 of its levels.

You collected 60 gold pieces.

Inventory:

Hand Weapons
 a - a +2 dagger of venom (weapon)
Armour
 b - an orb of light (worn)
 f - a +0 cloak (worn)
Scrolls
 c - a scroll of blinking
 d - a scroll of identify
Potions
 e - a potion of degeneration {unknown}
 g - a potion of resistance


   Skills:
 - Level 3.2 Fighting
 - Level 2.6 Dodging
 + Level 5.1 Unarmed Combat


You had 3 spell levels left.
You didn't know any spells.
Your spell library contained the following spells:

 Spells                   Type           Power      Damage    Failure   Level
 Vhi's Electric Charge    Tloc/Air       0%         N/A       69%         3
 Arcjolt                  Conj/Air       0%         1d10      100%        5
 Plasma Beam              Fire/Air       0%         2x1d11    100%        6


Dungeon Overview and Level Annotations

Branches:
Dungeon (3/15)

Altars:
Ru


Innate Abilities, Weirdness & Mutations

Your plain brown scales are hard. (AC +5)
You cannot fit into any form of body armour.
You are cold-blooded and may be slowed by cold attacks.


Message History

You hit the jackal.
The jackal is poisoned.
The jackal is moderately wounded.
The jackal bites you but does no damage.
The jackal bites you. The jackal barely misses you.
The jackal bites you but does no damage.
You hit the jackal.
The jackal looks as sick as possible!
The jackal is almost dead.
You hear the slow rusting of a distant drain.
You kill the jackal!
The jackal bites you but does no damage.
A jackal is nearby!
You hit the jackal.
The jackal is poisoned.
The jackal is moderately wounded.
The jackal closely misses you. x2
You hit the jackal.
The jackal looks as sick as possible!
The jackal is almost dead.
You kill the jackal!
No target in view!
e - a bubbling purple potion
Things that are here:
a jackal corpse; a jackal corpse
Found an escape hatch in the ceiling.
You now have 60 gold pieces (gained 2).
You hear the rusting of a distant drain.
There is an escape hatch in the ceiling here.
An ogre comes into view. It is wielding a +0 giant club.
The ogre shouts!
An endoplasm comes into view.
The ogre hits you with a +0 giant club!!
Ouch! That really hurt!
You are too injured to fight recklessly!
You are too injured to fight recklessly!
You are too injured to fight recklessly!
You are too injured to fight recklessly!
You are too injured to fight recklessly!
Unknown command.
You hit the ogre.
The ogre is poisoned.
The ogre is lightly wounded.
The ogre hits you with a +0 giant club!
You die...

.............#
########.###.# .#
########.# #.# .#
.........# #.# .#
########## #.# .#
###### ###.# .#
.......###...####.#
#.##.......#....O.#
..........###.##@.#
#.#####.#..#..##..#
# #......<....#
#.###.##.##J# #.
#.##.# ... # #.##.#
##.# #.##.# ..#
#.##.# .# ...... .#


You could see an ogre (very poisoned) and an endoplasm.

Vanquished Creatures
  A gnoll (D:1)
  2 adders
  A worm (D:2)
  A dart slug (D:1)
  4 ball pythons
  3 endoplasms
  A giant cockroach (D:1)
  4 goblins
  6 hobgoblins
  4 jackals (D:3)
  4 kobolds
  3 quokkas
  5 bats
  4 frilled lizards
  5 rats
48 creatures vanquished.

Notes
Turn   | Place    | Note
-------+----------+-------------------------------------------
     0 | D:1      | pkoi the Draconian Monk began the quest for the Orb.
     0 | D:1      | Reached XP level 1. HP: 19/19 MP: 1/1
   113 | D:1      | Reached XP level 2. HP: 26/26 MP: 2/2
   193 | D:1      | Reached skill level 4 in Unarmed Combat
   342 | D:1      | Reached XP level 3. HP: 31/31 MP: 3/3
  1220 | D:3      | Found a sacrificial altar of Ru.
  1291 | D:3      | Reached skill level 5 in Unarmed Combat
  1291 | D:3      | Reached XP level 4. HP: 28/38 MP: 4/4
  1443 | D:3      | Noticed an ogre
  1446 | D:3      | Slain by an ogre

Illustrated notes

Levels and vault maps discovered:
D:1:      minmay_arrival_floating_metal, layout_basic
D:2:      wander_river, layout_rooms, nicolae_kite_square_tiling_tiny,
          st_stairs_11
D:3:      layout_loops_ring, mainiacjoe_overflow_paths,
          nicolae_overflow_ecumenical_swirl, cheibrodos_sewer_entry_sluice

Skill      XL: |  1  2  3 |
---------------+----------+-----
Unarmed Combat | 4 5 |  5.1
Fighting       | |  3.2
Dodging        | |  2.6

Action                     |  1- 3 |  4- 6 || total
---------------------------+-------+-------++-------
  Melee: Unarmed           |    29 |       ||    29
         Tailslap          |    10 |     1 ||    11
         Dagger            |    64 |    17 ||    81
    Use: Scroll            |     7 |       ||     7
         Potion            |     2 |       ||     2
 Armour: Skin              |    18 |     9 ||    27
  Dodge: Dodged            |    51 |    11 ||    62
